 Dungeon Crawl Stone Soup version 0.29.1-12-g30fa7ad0bf (webtiles) character file.

Game seed: 9065391701206433625

891 112233 the Thaumaturge (level 7, -2/57 HPs)
             Began as a Mummy Necromancer on Dec 26, 2022.
             Was a Believer of Sif Muna.
             Slain by a phantom (7 damage)
             ... on level 6 of the Dungeon.
             The game lasted 00:06:49 (6165 turns).

112233 the Thaumaturge (Mummy Necromancer)          Turns: 6165, Time: 00:06:50

Health: -2/57      AC:  0    Str: 11    XL:     7   Next: 77%
Magic:  14/18      EV: 12    Int: 17    God:    Sif Muna [**....]
Gold:   169        SH:  0    Dex: 12    Spells: 9/22 levels left

rFire   x . .      SeeInvis .   l - +3 dagger
rCold   + . .      Faith    .   (no shield)
rNeg    + + +      Spirit   .   g - +1 robe {Archmagi}
rPois   ∞          Reflect  .   (no helmet)
rElec   .          Harm     .   h - +0 cloak
rCorr   .          Rampage  .   (no gloves)
Will    .....      Archmagi +   (no boots)
Stlth   ++........              (no amulet)
HPRegen 0.19/turn               (no ring)
MPRegen 0.16/turn               (no ring)

@: corroded
A: cold resistance 1, negative energy resistance 3, torment resistance 2, heat
vulnerability 1, in touch with death 1, no potions
a: Renounce Religion, Channel Magic


You were on level 6 of the Dungeon.
You worshipped Sif Muna.
Sif Muna was pleased with you.
You visited 1 branch of the dungeon, and saw 6 of its levels.
You also visited: Sewer.

You collected 169 gold pieces.

Inventory:

Hand Weapons
 c - a +0 dagger
 f - a +0 short sword of draining
 j - a +1 dagger of venom
 l - a +3 dagger (weapon)
Missiles
 i - 5 poisoned darts (quivered)
Armour
 a - a +0 robe
 g - a +1 robe of the Archmagi (worn)
 h - a +0 cloak (worn)
Scrolls
 b - 4 scrolls of fear
 d - 3 scrolls of identify
 e - a scroll of magic mapping {unknown}
 k - 4 scrolls of poison
 n - a scroll of blinking
 o - a scroll of vulnerability {unknown}
 p - 2 scrolls of teleportation {unknown}
 q - a scroll of amnesia {unknown}
 r - 2 scrolls of enchant armour {unknown}


   Skills:
 + Level 5.9 Fighting
 - Level 1.5 Dodging
 - Level 1.5 Stealth
 + Level 8.1 Spellcasting
 - Level 4.0 Necromancy


You had 9 spell levels left.
You knew the following spells:

 Your Spells              Type           Power      Damage    Failure   Level
a - Necrotise             Necr           100%       1d9       1%          1
b - Vampiric Draining     Necr           46%        2d9       6%          3
c - Agony                 Necr           46%        N/A       50%         5
d - Animate Dead          Necr           46%        N/A       21%         4

Your spell library contained the following spells:

 Spells                   Type           Power      Damage    Failure   Level


Dungeon Overview and Level Annotations

Branches:
Dungeon (6/15)              Sewer (visited)
 Temple: D:4-7

Altars:
Hepliaklqana
Sif Muna

Shops:
D:3 [!

Annotations:
D:3 1 runed translucent door, Crazy Yiuf


Innate Abilities, Weirdness & Mutations

You are immune to poison.
Your flesh is cold resistant. (rC+)
You are immune to negative energy. (rN+++)
You are immune to unholy pain and torment.
You are vulnerable to heat. (rF-)
You are in touch with the powers of death.
You do not drink.


Message History

Press: ? - help, Shift-Dir - straight line, f - jelly
Aim: a jelly You feel a strong surge of power!
You draw life force from the jelly.
You feel life coursing into your body. The phantom closely misses you.
The jelly hits you. The acid corrodes you!
You are splashed with acid!
Unknown command.
Casting: Vampiric Draining (dangerous; 6% risk of failure)
Confirm with . or Enter, or press ? or * to list all spells.
Aiming: Vampiric Draining (dangerous; 6% risk of failure)
Press: ? - help, Shift-Dir - straight line, f/p - jelly
Aim: a jelly (moderately wounded)
You feel a strong surge of power!
You draw life force from the jelly.
You feel life coursing into your body. The phantom hits you.
* * * LOW HITPOINT WARNING * * *
The phantom blinks!
You blink.
Casting: Vampiric Draining (dangerous; 6% risk of failure)
Confirm with . or Enter, or press ? or * to list all spells.
You can't see any susceptible monsters within range! (Use Z to cast anyway.) Unknown command.
The phantom attacks as you move away! The phantom closely misses you.
The phantom attacks as you move away! The phantom hits you.
* * * LOW HITPOINT WARNING * * *
You can't drink.
Unknown command.
The phantom attacks as you move away! The phantom closely misses you.
There is a stone staircase leading down here.
The phantom misses you.
You climb downwards.
The adder hisses angrily.
You hear a shout! x2
There is a stone staircase leading up here.
Unknown command.
You hit the phantom but do no damage.
The phantom is severely damaged.
The phantom hits you!
* * * LOW HITPOINT WARNING * * *
The phantom blinks!
You blink.
Unknown command.
As you read the scroll labelled RORE FUASIYGRE, it crumbles to dust.
The scroll dissolves into smoke.
It was a scroll of fog.
The phantom hits you!
You die...

# .. ...
######.....
###§@§§......
..#.§W###......
#...§§.<..#...
##..##.§..# .
#.#....#....
.......####....
#..####S ... ..
#. .. .. .


You could see a phantom.

Vanquished Creatures
  A water moccasin (D:5)
  A necrophage (D:4)
  A bullfrog (Sewer)
  2 scorpions (D:4)
  A hound (D:4)
  A gnoll bouda (D:4)
  An iguana (D:5)
  Terence (D:3)
  4 gnolls (D:3)
  9 river rats (Sewer)
  8 adders
  A shadow imp (D:5)
  4 worms
  5 dart slugs
  3 orcs
  6 endoplasms
  2 giant cockroaches
  7 goblins
  7 hobgoblins
  4 jackals (D:2)
  10 kobolds
  4 quokkas
  15 ball pythons
  7 bats
  4 frilled lizards
  27 rats
136 creatures vanquished.

Vanquished Creatures (collateral kills)
  A bullfrog (Sewer)
  A river rat (Sewer)
  2 adders
  2 endoplasms
  A goblin (D:2)
  4 ball pythons (Sewer)
  2 frilled lizards (Sewer)
  3 rats (Sewer)
16 creatures vanquished.

Vanquished Creatures (others)
  A ball python zombie (Sewer)
1 creature vanquished.

Grand Total: 153 creatures vanquished

Notes
Turn   | Place    | Note
-------+----------+-------------------------------------------
     0 | D:1      | 112233 the Mummy Necromancer began the quest for the Orb.
     0 | D:1      | Reached XP level 1. HP: 13/13 MP: 4/4
   182 | D:1      | Reached skill level 3 in Spellcasting
   288 | D:1      | Found a faded altar of an unknown god.
   354 | D:1      | Reached XP level 2. HP: 19/19 MP: 2/6
  1338 | D:2      | Reached skill level 1 in Fighting
  1521 | D:2      | Reached skill level 4 in Spellcasting
  1521 | D:2      | Gained mutation: You are in touch with the powers of death.
                  | [Mummy growth]
  1521 | D:2      | Reached XP level 3. HP: 26/26 MP: 2/8
  2168 | D:2      | Learned a level 3 spell: Vampiric Draining
  2225 | D:2      | Reached XP level 4. HP: 32/33 MP: 5/10
  2497 | D:3      | Found a shimmering blue altar of Sif Muna.
  2526 | D:3      | Reached skill level 5 in Spellcasting
  2751 | D:3      | Found a runed translucent door.
  2752 | D:3      | Noticed Crazy Yiuf
  2833 | D:3      | Reached XP level 5. HP: 40/40 MP: 9/12
  2994 | D:3      | Noticed Terence
  3001 | D:3      | Killed Terence
  3145 | D:3      | Found Loni's Distillery.
  3327 | D:3      | Found Onoa's Antique Armour Emporium.
  3703 | D:4      | Found a hazy altar of Hepliaklqana.
  3847 | D:4      | Reached skill level 6 in Spellcasting
  3847 | D:4      | Reached XP level 6. HP: 48/48 MP: 10/15
  4257 | D:4      | Learned a level 5 spell: Agony
  4734 | D:3      | Became a worshipper of Sif Muna the Loreminder
  4821 | D:5      | Entered Level 5 of the Dungeon
  4915 | D:5      | Found a glowing drain.
  4923 | D:5      | Noticed a water moccasin
  4945 | D:5      | Killed a water moccasin
  4946 | D:5      | Reached skill level 5 in Fighting
  4946 | D:5      | Reached skill level 7 in Spellcasting
  4946 | D:5      | Reached XP level 7. HP: 49/56 MP: 1/17
  4954 | Sewer    | Entered a sewer
  5188 | Sewer    | Learned a level 4 spell: Animate Dead
  5303 | Sewer    | Reached * piety under Sif Muna
  5749 | Sewer    | Reached ** piety under Sif Muna
  5759 | Sewer    | Reached skill level 8 in Spellcasting
  6165 | D:6      | Slain by a phantom

Illustrated notes

Levels and vault maps discovered:
D:1:      minmay_arrival_five_plusses, layout_basic,
          hellmonk_ecumenical_altar_arch_garden
D:2:      layout_loops_cross, minmay_hexomino_p4
D:3:      minmay_door_path, layout_basic,
          mainiacjoe_overflow_concentric_impassable, serial_shops, shop, shop,
          uniq_terence, uniq_crazy_yiuf_cottage
D:4:      minmay_inner_zag, layout_cave_pools,
          mainiacjoe_overflow_six_doors_small
D:5:      layout_gridville, okawaru_altar_gauntlet_db,
          cheibrodos_sewer_entry_sluice, kennysheep_generic_room_12
D:6:      layout_rooms, marbit_many_paths, minmay_temple_entry_butterflies,
          chequers_arboretum, minmay_three_doors, uniq_edmund

Skill      XL: |  1  2  3  4  5  6  7 |
---------------+----------------------+-----
Spellcasting   | 3 4 5 6 7 8 |  8.1
Fighting       | 1 2 4 5 |  5.9
Dodging        | |  1.5
Stealth        | |  1.5
Necromancy     | |  4.0

Action                   |  1- 3 |  4- 6 |  7- 9 || total
-------------------------+-------+-------+-------++-------
Melee: Dagger            |     6 |    21 |    33 ||    60
       Unarmed           |     1 |       |       ||     1
       Short sword       |       |    11 |       ||    11
       Punch             |       |     1 |       ||     1
Throw: Throwing net      |       |       |     2 ||     2
 Cast: Necrotise         |    83 |   124 |    72 ||   279
       Vampiric Draining |       |     8 |     8 ||    16
       Animate Dead      |       |       |     1 ||     1
  Use: Scroll            |       |     5 |     1 ||     6
Armor: Robe              |     8 |    14 |    28 ||    50
Dodge: Dodged            |    25 |    29 |    57 ||   111
